 Dungeon Crawl Stone Soup version bcrawl-1.22 (webtiles) character file.

Game seed: 12591436600959676614

285 Freyura the Shield-Bearer (level 6, -3/38 HPs)
             Began as a Gargoyle Fighter on May 18, 2020.
             Slain by an ogre
             ... wielding a +0 giant spiked club
              (6 damage)
             ... on level 4 of the Dungeon.
             The game lasted 00:03:22 (2243 turns).

Freyura the Shield-Bearer (Gargoyle Fighter)        Turns: 2243, Time: 00:03:22

Health: -3/38      AC: 11    Str: 20    XL:     6   Next: 29%
Magic:  6/6        EV:  8    Int:  8    God:
Gold:   179        SH:  9    Dex: 11    Spells: 5/5 levels left

rFire    . . .     SeeInvis .   a - +0 flail
rCold    . . .     Gourm    .   c - +0 medium shield
rNeg     + . .     Faith    .   b - +0 scale mail
rPois    ∞         Spirit   .   (no helmet)
rElec    +         Reflect  .   (no cloak)
rCorr    .         Harm     .   (no gloves)
MR       .....                  (no boots)
Stlth    ..........             (no amulet)
HPRegen  0.12/turn              (no ring)
MPRegen  0.10/turn              (no ring)

@: no status effects
A: negative energy resistance 1, electricity resistance, unbreathing,
petrification resistance, rot immunity, AC +4
a: no special abilities


You were on level 4 of the Dungeon.
You were not hungry.

You visited 1 branch of the dungeon, and saw 4 of its levels.

You collected 179 gold pieces.

Inventory:

Hand Weapons
 a - a +0 flail (weapon)
Armour
 b - a +0 scale mail (worn)
 c - a +0 medium shield (worn)
Scrolls
 g - 2 scrolls of remove curse {unknown}
 h - 3 scrolls of identify {unknown}
 k - 2 scrolls of immolation {unknown}
 n - a scroll of magic mapping {unknown}
 q - a scroll of fear {unknown}
 r - a scroll of teleportation {unknown}
Potions
 d - a potion of might
 f - a potion of agility {unknown}
 i - 2 potions of curing {unknown}
 j - 2 potions of cancellation {unknown}
 l - 2 potions of mutation {unknown}
 m - a potion of flight {unknown}
 o - a potion of heal wounds {unknown}
 p - a potion of degeneration {unknown}
Comestibles
 e - 5 rations {!d}


   Skills:
 + Level 4.2 Fighting
 + Level 4.2 Maces & Flails
 + Level 3.8 Armour
 + Level 1.2 Dodging
 + Level 4.7 Shields


You had 5 spell levels left.
You didn't know any spells.
Your spell library was empty.

Dungeon Overview and Level Annotations

Branches:
Dungeon (4/12)
 Temple: D:4-7

Altars:
Fedhas


Innate Abilities, Weirdness & Mutations

You are resistant to torment.
Your stone body is resilient. (AC +4)
You are immune to poison.
You resist negative energy. (rN+)
You are resistant to electric shocks. (rElec)
You can survive without breathing.
You are immune to petrification.
You are immune to rotting.


Message History

You block the jackal's attack. You block the worker ant's attack.
The jackal bites you but does no damage.
The jackal barely misses you.
The frilled lizard bites you but does no damage.
The ogre hits you with a +0 giant spiked club!
* * * LOW HITPOINT WARNING * * *
The jackal barely misses you.
The orc wizard looks encouraged for a moment.
You block the worker ant's attack. You block the jackal's attack.
You hit the ogre.
The ogre is severely wounded.
The jackal bites you but does no damage.
The jackal closely misses you. The frilled lizard barely misses you.
The worker ant completely misses you. The jackal closely misses you.
You block the jackal's attack.
The orc wizard casts a spell.
The orc wizard flickers and vanishes!
Deactivating autopickup; reactivate with Ctrl-A.
The ogre hits you with a +0 giant spiked club.
You die...

...... ..
#.....##..
#........#
.........
.........
.##.....#
.......Z#
......aO#
......h@#
......lhh.{....
#......ooo.....
...............
#.....##.......
###..# #......
#.. ..(... ###
..o...


You could see an ogre, a worker ant, 4 orcs, 3 jackals, a frilled lizard and a
jackal skeleton.

Vanquished Creatures
  A scorpion (D:2)
  A vampire bat (D:3)
  5 adders
  An ooze (D:2)
  2 worms (D:2)
  3 dart slugs (D:1)
  3 fire bats (D:3)
  3 leopard geckos
  An orc (D:3)
  2 spectral bats (D:3)
  3 bat skeletons (D:3)
  A bat zombie (D:3)
  3 goblins
  2 hobgoblins
  7 jackals
  8 kobolds
  2 quokkas (D:3)
  A ball python (D:1)
  15 bats
  A bat simulacrum (D:3)
  A frilled lizard (D:3)
  7 rats
73 creatures vanquished.

Notes
Turn   | Place    | Note
-------+----------+-------------------------------------------
     0 | D:1      | Freyura the Gargoyle Fighter began the quest for the Orb.
     0 | D:1      | Reached XP level 1. HP: 14/14 MP: 1/1
   130 | D:1      | Reached XP level 2. HP: 19/19 MP: 2/2
   663 | D:2      | Reached XP level 3. HP: 24/24 MP: 3/3
   688 | D:2      | Noticed a scorpion
   699 | D:2      | Killed a scorpion
   699 | D:2      | Reached XP level 4. HP: 11/29 MP: 4/4
  1505 | D:3      | Reached XP level 5. HP: 33/33 MP: 5/5
  1646 | D:3      | Reached skill level 1 in Dodging
  1657 | D:3      | Reached XP level 6. HP: 36/38 MP: 6/6
  2030 | D:3      | Found a blossoming altar of Fedhas.
  2243 | D:4      | Slain by an ogre

Skill      XL: |  1  2  3  4  5 |
---------------+----------------+-----
Maces & Flails | 3 4 |  4.2
Fighting       | 4 |  4.2
Shields        | 4 |  4.7
Dodging        | 1 |  1.2
Armour         | |  3.8

Action                   |  1- 3 |  4- 6 || total
-------------------------+-------+-------++-------
Melee: Flail             |    65 |   235 ||   300
  Eat: Chunk             |       |     5 ||     5
Armor: Scale mail        |    29 |   240 ||   269
Dodge: Dodged            |    16 |   153 ||   169
Block: Medium shield     |    29 |   198 ||   227
